 Dungeon Crawl Stone Soup version 0.31-a0-233-g139696dc86 (webtiles) character file.

Game seed: 4045033489580652058

228 qw the Shooter (level 6, 0/37 HPs)
             Began as a Gargoyle Hexslinger on July 7, 2023.
             Slain by an orc wizard
             ... wielding a +1 dagger of draining
              (3 damage)
             ... on level 4 of the Dungeon.
             The game lasted 00:01:06 (2241 turns).

qw the Shooter (Gargoyle Hexslinger)                Turns: 2241, Time: 00:01:07

Health: 0/37       AC:  9    Str: 12    XL:     6   Next: 2%
Magic:  7/7        EV: 10    Int: 13    God:
Gold:   143        SH:  0    Dex: 14    Spells: 6/7 levels left

rFire   . . .        Y - +1 sling
rCold   . . .        (no shield)
rNeg    + . .        c - +0 ring mail
rPois   inf          (no helmet)
rElec   +            (no cloak)
rCorr   .            (no gloves)
SInv    .            (no boots)
Will    .....        (no amulet)
Stlth   +            (no ring)
HPRegen 0.26/turn    (no ring)
MPRegen 0.10/turn

%: no passive effects
@: no status effects
A: sickness immunity, AC +4, negative energy resistance 1, electricity
resistance, torment resistance 1, petrification resistance
a: no special abilities


You were on level 4 of the Dungeon.
You visited 1 branch of the dungeon, and saw 4 of its levels.

You collected 143 gold pieces.


Innate Abilities, Weirdness & Mutations

You are immune to sickness and miasma.
Your stone body is resilient. (AC +4)
You are immune to poison.
You resist negative energy. (rN+)
You are resistant to electric shocks. (rElec)
You are resistant to unholy torment.
You are immune to petrification.


   Skills:
 - Level 3.4 Fighting
 + Level 5.0 Ranged Weapons
 - Level 1.1 Armour
 - Level 1.5 Dodging
 - Level 1.0 Spellcasting
 - Level 2.6 Hexes


You had 6 spell levels left.
You knew the following spells:

 Your Spells              Type           Power      Damage    Failure   Level
a - Slow                  Hex            28%        N/A       22%         1

Your spell library contained the following spells:

 Spells                   Type           Power      Damage    Failure   Level
 Inner Flame              Hex/Fire       4%         N/A       73%         3
 Portal Projectile        Hex/Tloc       8%         N/A       73%         3
 Cause Fear               Hex            3%         N/A       91%         4

Inventory:

Hand Weapons
 Y - a +1 sling (weapon)
Armour
 b - a +0 pair of gloves
 c - a +0 ring mail (worn)
Scrolls
 a - 2 scrolls of identify
Potions
 d - a potion of haste
 g - a potion of mutation

Dungeon Overview and Level Annotations

Branches:
Dungeon (4/15)
 Temple: D:4-7

Altars:


Message History

The orc wizard misses you.
You shoot a sling bullet. The sling bullet hits the orc wizard.
The orc wizard is moderately wounded.
The orc hits you but does no damage. x2
The orc wizard hits you but does no damage.
The orc hits you but does no damage. The orc barely misses you.
The orc wizard completely misses you.
You shoot a sling bullet. The sling bullet hits the orc wizard.
The orc wizard is heavily wounded.
The orc hits you but does no damage. The orc closely misses you.
The orc wizard gestures at you while chanting.
The magic dart hits you but does no damage.
You shoot a sling bullet.
The sling bullet hits the orc wizard but does no damage.
The orc wizard is heavily wounded.
The orc hits you with a +0 club. The orc hits you but does no damage.
The orc wizard closely misses you.
You shoot a sling bullet.
The sling bullet barely misses the orc wizard.
The orc hits you with a +0 club. The orc closely misses you.
The orc wizard hits you with a +1 dagger of draining. x2
The orc barely misses you. x2
You shoot a sling bullet. The sling bullet misses the orc wizard.
The orc closely misses you. The orc hits you but does no damage.
The orc wizard misses you.
You shoot a sling bullet. The sling bullet hits the orc wizard.
The orc wizard is severely wounded.
The orc hits you but does no damage. x2
The orc wizard casts a spell at you. The puff of flame hits you.
You shoot a sling bullet.
The sling bullet closely misses the orc wizard.
The orc hits you but does no damage. The orc hits you with a +0 short sword.
The orc wizard casts a spell.
The orc wizard flickers and vanishes!
Deactivating autopickup; reactivate with Ctrl-A.
You shoot a sling bullet.
The sling bullet hits the orc but does no damage.
The orc barely misses you. x2; Something hits you. x2
You die...

....# #.# #.. ..#.# #.#
#./# ..#.# #.# #..(#.#.#
####.## #...#.#.#
####.....# #...#.#.#
#........# #...).#.#
#........# #.)o{.#
#........# #.#@#.#
####.....# ......o.#.###
####.#### .....<..#...#
#.#... ..?.....#.#.#
#.#...
###...>.#.#.#######.#%..
#######...............
###.#######.#... #...#
##.#... ###.####......


You could see 2 orcs.

Vanquished Creatures
  A kobold brigand (D:4)
  9 adders
  2 worms
  2 dart slugs (D:1)
  4 orcs
  8 endoplasms
  2 giant cockroaches
  4 goblins
  12 hobgoblins
  3 quokkas
  10 ball pythons
  3 bats (D:1)
  2 frilled lizards
  4 kobolds
  2 rats (D:1)
68 creatures vanquished.

Notes
Turn   | Place    | Note
-------+----------+-------------------------------------------
     0 | D:1      | qw the Gargoyle Hexslinger began the quest for the Orb.
     0 | D:1      | Reached XP level 1. HP: 12/12 MP: 2/2
     0 | D:1      | 0 ||| qw: Version: 0.3-a-46-gb1f654a
     0 | D:1      | 0 ||| qw: Game counter: 3256
     0 | D:1      | 0 ||| qw: Melee chars always use a shield: true
     0 | D:1      | 0 ||| qw: God list: Okawaru
     0 | D:1      | 0 ||| qw: Allow faded altars: false
     0 | D:1      | 0 ||| qw: Do Orc after clearing Dungeon:15 true
     0 | D:1      | 0 ||| qw: Do second Lair branch before Depths: true
     0 | D:1      | 0 ||| qw: Lair rune preference: random
     0 | D:1      | 0 ||| qw: Goals: Normal
     0 | D:1      | 0 ||| PLANNING D:1-11
   110 | D:1      | Reached XP level 2. HP: 16/16 MP: 3/3
   220 | D:1      | Reached skill level 3 in Ranged Weapons
   314 | D:1      | Reached XP level 3. HP: 21/21 MP: 4/4
   805 | D:1      | 805 ||| UPGRADING to +0 leather armour.
   815 | D:1      | 815 ||| DROPPING +0 robe.
   816 | D:1      | 816 ||| READING 3 scrolls labelled VIG ILOZEVA.
   817 | D:1      | 817 ||| READING scroll labelled NATHRI UHOTA.
   818 | D:1      | 818 ||| READING 2 scrolls of identify.
   818 | D:1      | 818 ||| IDENTIFYING black potion
   819 | D:1      | 819 ||| DROPPING scroll of poison.
   820 | D:1      | 820 ||| DROPPING potion of invisibility.
   966 | D:2      | Reached XP level 4. HP: 26/26 MP: 5/5
  1070 | D:2      | Reached skill level 4 in Ranged Weapons
  1162 | D:2      | Reached XP level 5. HP: 30/30 MP: 6/6
  1433 | D:2      | 1433 ||| UPGRADING to +0 ring mail.
  1443 | D:2      | 1443 ||| DROPPING +0 leather armour.
  1444 | D:2      | 1444 ||| DROPPING +6 ring of intelligence.
  1445 | D:2      | 1445 ||| READING 3 scrolls of identify.
  1445 | D:2      | 1445 ||| IDENTIFYING fuming emerald potion
  1446 | D:2      | 1446 ||| READING 2 scrolls of identify.
  1446 | D:2      | 1446 ||| IDENTIFYING fuming orange potion
  1447 | D:2      | 1447 ||| DROPPING potion of brilliance.
  1448 | D:2      | 1448 ||| DROPPING potion of lignification.
  1475 | D:3      | 1475 ||| STAIRDANCE
  1560 | D:3      | Reached skill level 1 in Armour
  1909 | D:3      | 1909 ||| READING scroll labelled LUN TAOF KOISU.
  1910 | D:3      | 1910 ||| READING scroll labelled UMOADE YCZA.
  1911 | D:3      | 1911 ||| READING 4 scrolls of identify.
  1911 | D:3      | 1911 ||| IDENTIFYING fuming amethyst potion
  1912 | D:3      | 1912 ||| READING 3 scrolls of identify.
  1912 | D:3      | 1912 ||| IDENTIFYING fuming brown potion
  2019 | D:4      | Reached skill level 5 in Ranged Weapons
  2080 | D:4      | Noticed a kobold brigand
  2098 | D:4      | HP: 5/30 [kobold brigand/+0 dagger (3)]
  2099 | D:4      | Killed a kobold brigand
  2100 | D:4      | Reached skill level 3 in Fighting
  2100 | D:4      | Reached XP level 6. HP: 6/37 MP: 7/7
  2239 | D:4      | HP: 9/37 [orc wizard/puff of flame (2)]
  2241 | D:4      | HP: 3/37 [something (3)]
  2241 | D:4      | Slain by an orc wizard

Levels and vault maps discovered:
D:1:      lemuel_arrival_muddy, layout_loops_ring
D:2:      layout_rooms, nicolae_half_adder
D:3:      layout_rooms
D:4:      layout_basic, eino_tiny_chamber

Skill      XL: |  1  2  3  4  5 |
---------------+----------------+-----
Ranged Weapons | 3 4 5 |  5.0
Fighting       | 2 3 |  3.4
Armour         | 1 |  1.1
Dodging        | |  1.5
Spellcasting   | |  1.0
Hexes          | |  2.6

Action                     |  1- 3 |  4- 6 || total
---------------------------+-------+-------++-------
   Fire: Sling             |   112 |   191 ||   303
    Use: Scroll            |     3 |     6 ||     9
 Armour: Robe              |    17 |       ||    17
         Leather armour    |     3 |    17 ||    20
         Ring mail         |       |    55 ||    55
  Dodge: Dodged            |    31 |    85 ||   116

Table legend:
 A = Non-vault XP
 B = Vault XP
 C = Vault XP percentage of total XP
 D = Non-vault monster count
 E = Vault monster count
 F = Vault count percentage of total count
                 A         B        C        D         E       F
            +---------+---------+-------+---------+---------+-------
      Total |     287 |      40 |  12.2 |      65 |       3 |   4.4
            +---------+---------+-------+---------+---------+-------
        D:1 |      58 |       0 |   0.0 |      32 |       0 |   0.0
        D:2 |      74 |      40 |  35.1 |      14 |       3 |  17.6
        D:3 |      34 |       0 |   0.0 |       9 |       0 |   0.0
        D:4 |     121 |       0 |   0.0 |      10 |       0 |   0.0
            +---------+---------+-------+---------+---------+-------
